 Dungeon Crawl Stone Soup version 0.18-a0-1521-g59d19af (webtiles) character file.

78 Geeful the Stinger (level 4, -2/37 HPs)
             Began as a Formicid Venom Mage on Mar 7, 2016.
             Slain by a gnoll
             ... wielding a +0 halberd
              (3 damage)
             ... on level 2 of the Dungeon.
             The game lasted 00:05:54 (2126 turns).

Geeful the Stinger (Formicid Venom Mage)            Turns: 2126, Time: 00:05:54

Health: -2/37      AC: 11    Str: 14    XL:     4   Next: 61%
Magic:  7/7        EV: 10    Int: 14    God:
Gold:   126        SH:  0    Dex: 11    Spells: 1 memorised, 6 levels left

rFire  + . .     SeeInvis +     d - +0 hand axe
rCold  . . .     Gourm    .     l - +0 ring mail
rNeg   . . .     Faith    .     (no shield)
rPois  .         Spirit   .     (helmet unavailable)
rElec  .         Dismiss  .     t - +1 cloak
rCorr  .         Reflect  .     (no gloves)
SustAt .         Harm     .     q - +0 pair of boots
MR     .....                    (no amulet)
Stlth  +.........               i - ring of protection from fire
                                g - +3 ring of protection

@: drained, not resistant to hostile enchantments, very unstealthy
A: permanent stasis, dig shafts and tunnels, four strong arms, antennae 3
a: Dig, Shaft Self


You were on level 2 of the Dungeon.
You were not hungry.

You visited 1 branch of the dungeon, and saw 2 of its levels.

You collected 126 gold pieces.

Inventory:

Hand Weapons
 d - a +0 hand axe (weapon)
Armour
 a - a +0 robe
 l - a +0 ring mail (worn)
 q - a +0 pair of boots (worn)
 t - a +1 cloak (worn)
Jewellery
 g - a +3 ring of protection (left hand)
 i - a ring of protection from fire (right hand)
 r - an uncursed ring of flight
Scrolls
 e - a scroll of identify
 j - a scroll of recharging {unknown}
 m - a scroll of random uselessness {unknown}
 p - a scroll of enchant weapon {unknown}
Potions
 h - a potion of invisibility {unknown}
 n - a potion of brilliance {unknown}
 o - a potion of cancellation {unknown}
 s - 2 potions of curing {unknown}
 v - a potion of degeneration {unknown}
Books
 b - a Young Poisoner's Handbook

   Spells                             Type                      Level
   a - Sting                          Conjuration/Poison           1
   b - Cure Poison                    Poison                       2
   c - Mephitic Cloud                 Conjuration/Poison/Air       3
   d - Olgreb's Toxic Radiance        Poison                       4
   e - Venom Bolt                     Conjuration/Poison           5
Comestibles
 c - 3 bread rations
 f - 3 meat rations
 k - a beef jerky


   Skills:
 + Level 3.7(3.6) Fighting
 - Level 1.7 Dodging
 - Level 2.4 Stealth
 - Level 2.1 Spellcasting
 - Level 5.8 Poison Magic


You had 6 spell levels left.
You knew the following spells:

 Your Spells              Type           Power        Failure   Level  Hunger
a - Sting                 Conj/Pois      #...         17%         1    #......


Dungeon Overview and Level Annotations

Branches:
Dungeon (2/15)

Altars:

Annotations:
D:2 Sigmund


Innate Abilities, Weirdness & Mutations

You are under a permanent stasis effect.
You can dig through walls and to a lower floor.
Your four strong arms can wield two-handed weapons with a shield.
You have a pair of large antennae on your head (SInv).


Message History

You see here a club.
You closely miss the gnoll. The gnoll hits you with a halberd!
* * * LOW HITPOINT WARNING * * *
You hit the gnoll.
The gnoll is lightly wounded.
The gnoll barely misses you.
You hit the gnoll.
The gnoll is moderately wounded.
The gnoll closely misses you.
You hit the gnoll.
The gnoll is heavily wounded.
The gnoll hits you but does no damage.
You closely miss the gnoll.
The gnoll is heavily wounded.
The gnoll hits you with a halberd!
* * * LOW HITPOINT WARNING * * *
You barely miss the gnoll.
The gnoll is heavily wounded.
The gnoll hits you with a halberd.
You die...

#.#....##K# #.###.g.
#.#....##.####.## ...
#.#######g.......
###.#######.K###.##
#....#....#..# .#
#....#....#..# .# ...
#.........#..# #.# #.# ..##
#...#.....#..###.## #.#
....
#...#.......Kg@...#####.#
#...
#...##.##.#..####.......#
##...
#...##..#.#.....#.......#
#....
###...###.#.#.###.#.......#
#.†.. #.....#...#.#.#
#.#.......# #..#.
#...###.....#.#
#.'.......####(#. #####
######..#####......#.......
#...# #......##.##.## #...#
#########.##...


You could see a gnoll and a kobold.

Vanquished Creatures
  Crazy Yiuf (D:2)
  A gnoll (D:2)
  A worm (D:2)
  A dart slug (D:1)
  3 giant cockroaches
  5 goblins (D:1)
  4 hobgoblins
  4 jackals (D:1)
  2 kobolds (D:1)
  A ball python (D:2)
  4 bats
  A giant newt (D:1)
  6 rats (D:1)
34 creatures vanquished.

Notes
Turn   | Place    | Note
--------------------------------------------------------------
     0 | D:1      | Geeful the Formicid Venom Mage began the quest for the Orb.
     0 | D:1      | Reached XP level 1. HP: 13/13 MP: 3/3
   548 | D:1      | Reached XP level 2. HP: 19/19 MP: 5/5
   772 | D:1      | Reached skill level 1 in Fighting
   867 | D:1      | Reached XP level 3. HP: 19/27 MP: 6/6
  1426 | D:2      | Noticed Sigmund
  1846 | D:2      | Noticed Crazy Yiuf
  1859 | D:2      | Killed Crazy Yiuf
  1859 | D:2      | Reached XP level 4. HP: 21/35 MP: 3/7
  2125 | D:2      | HP: 1/37 [gnoll/halberd (10)]
  2126 | D:2      | Slain by a gnoll

Vault maps used:
D:1:      dpeg_arrival_triangle_fractal
D:2:      gammafunk_temple_overflow_claw, hangedman_decor_lopped, uniq_sigmund,
          uniq_crazy_yiuf_cottage

Skill      XL: |  1  2  3 |
---------------+----------+-----
Fighting       | 1 3 |  3.7
Dodging        | |  1.7
Stealth        | |  2.4
Spellcasting   | |  2.1
Poison Magic   | |  5.8

Action                   |  1- 3 |  4- 6 || total
-------------------------+-------+-------++-------
Melee: Hand axe          |   117 |    24 ||   141
 Cast: Sting             |     3 |       ||     3
 Abil: Dig               |     1 |       ||     1
  Use: Scroll            |       |     1 ||     1
 Stab: Sleeping          |     3 |       ||     3
  Eat: Chunk             |     2 |     2 ||     4
